 Dungeon Crawl Stone Soup version 0.16.2-2-g470672f (webtiles) character file.

35 kobby the Skirmisher (level 3, -8/33 HPs)
             Began as a Hill Orc Abyssal Knight on Aug 17, 2015.
             Was a Follower of Lugonu.
             Mangled by a gnoll
             ... wielding a +2 flail of venom
              (12 damage)
             ... on level 3 of the Dungeon.
             The game lasted 00:07:00 (1846 turns).

kobby the Skirmisher (Hill Orc Abyssal Knight)      Turns: 1846, Time: 00:07:04

Health: -8/33      AC:  3    Str: 15    XL:     3   Next: 35%
Magic:  5/5        EV: 11    Int: 12    God:    Lugonu [*.....]
Gold:   51         SH:  0    Dex: 10    Spells: 0 memorised, 2 levels left

rFire  . . .     SeeInvis .     a - +1 falchion
rCold  . . .     Clarity  .     b - +0 leather armour
rNeg   . . .     SustAb   .     (no shield)
rPois  .         Gourm    .     (no helmet)
rElec  .         Spirit   .     (no cloak)
rCorr  +         Warding  .     (no gloves)
rMut   .         Stasis   .     (no boots)
MR     .....                    q - amulet of resist corrosion
Stlth  +.........               (no ring)
                                (no ring)

@: not resistant to hostile enchantments, very unstealthy
A: no striking features
a: Depart the Abyss, Renounce Religion


You were on level 3 of the Dungeon.
You worshipped Lugonu.
Lugonu was aware of your devotion.
You were not hungry.

You visited 1 branch of the dungeon, and saw 3 of its levels.
You visited the Abyss 1 time.

You collected 51 gold pieces.

Inventory:

Hand weapons
 a - a +1 falchion (weapon)
Armour
 b - a +0 leather armour (worn)
Jewellery
 q - an amulet of resist corrosion (around neck)
Scrolls
 f - 2 scrolls of identify
 h - 2 scrolls of magic mapping {unknown}
 i - a scroll of enchant weapon {unknown}
 l - a scroll of remove curse {unknown}
 o - a scroll of noise {unknown}
Potions
 j - a potion of restore abilities {unknown}
 k - a potion of might {unknown}
 m - a potion of agility {unknown}
 p - a potion of brilliance {unknown}
Comestibles
 c - a meat ration
 n - a royal jelly


   Skills:
 + Level 3.9 Fighting
 + Level 2.5 Long Blades
 + Level 2.5 Armour
 + Level 1.3 Dodging
 + Level 3.1 Invocations


You had 2 spell levels left.
You didn't know any spells.

Dungeon Overview and Level Annotations

Branches:
Dungeon (3/15)

Altars:


Message History

A gnoll comes into view. It is wielding a whip.
Drink which item? (? for menu, Esc to quit)
You feel better.
The gnoll hits you from afar with a spear.
The gnoll hits you with a flail of venom!
* * * LOW HITPOINT WARNING * * *
The gnoll zombie barely misses you.
Use which ability? (? or * to list)
You aren't in the Abyss!
You hit the gnoll.
The gnoll is moderately wounded.
The gnoll hits you but does no damage. The gnoll closely misses you.
You hit the gnoll but do no damage.
The gnoll is moderately wounded.
The gnoll hits you from afar with a spear.
* * * LOW HITPOINT WARNING * * *
The gnoll zombie hits you.
* * * LOW HITPOINT WARNING * * *
The gnoll hits you with a flail of venom!
You die...

#.....#
#.....#
#.....#
.?... ...
#.# #Z# #Z#
#@# ##g#
########gg#
##...g....##
.#..g.....##
....(......#
...........#
..........#
..?.......#


You could see 3 gnolls and 2 gnoll zombies.

Vanquished Creatures
  A gnoll (D:3)
  5 bats
  A giant cockroach (D:1)
  6 hobgoblins
  2 ball pythons (D:1)
  2 giant newts
  3 goblins
  3 kobolds
  A quokka (D:2)
  3 rats
27 creatures vanquished.

Notes
Turn   | Place    | Note
--------------------------------------------------------------
     0 | Abyss:1  | kobby, the Hill Orc Abyssal Knight, began the quest for the Orb.
     0 | Abyss:1  | Reached XP level 1. HP: 19/19 MP: 1/1
   124 | Abyss:1  | Noticed a starcursed mass
   145 | Abyss:1  | Noticed a small abomination
   159 | Abyss:1  | Noticed a flying skull
   166 | D:1      | Escaped the Abyss
   283 | D:1      | Noticed a dwarf
   283 | D:1      | Noticed a merfolk
   285 | D:1      | Noticed a centaur
   285 | D:1      | Noticed a vampire
   287 | D:1      | Noticed a felid
   287 | D:1      | Noticed a ghoul
   289 | D:1      | Noticed an ogre
   291 | D:1      | Noticed a demigod
   291 | D:1      | Noticed an octopode
   293 | D:1      | Noticed a minotaur
   293 | D:1      | Noticed a troll
   295 | D:1      | Noticed a naga
   299 | D:1      | Noticed a demonspawn
   299 | D:1      | Noticed a human
   301 | D:1      | Noticed a tengu
   301 | D:1      | Noticed a spriggan
   303 | D:1      | Noticed a draconian
   303 | D:1      | Noticed a formicid
   305 | D:1      | Noticed a gargoyle
   305 | D:1      | Noticed an elf
   307 | D:1      | Noticed a vine stalker
   381 | D:1      | Acquired Lugonu's first power
   708 | D:1      | Reached XP level 2. HP: 24/27 MP: 2/2
   880 | D:1      | Reached skill level 1 in Dodging
  1609 | D:2      | Reached XP level 3. HP: 8/33 MP: 5/5
  1824 | D:2      | You fall through a shaft!
  1846 | D:3      | Mangled by a gnoll

Action                   || total
-------------------------++-------
Melee: Falchion          ||    90
Invok: Depart the Abyss  ||     1
  Use: Scroll            ||     3
       Potion            ||     2
  Eat: Meat ration       ||     1
